 Dungeon Crawl Stone Soup version 0.18-a0-1372-gd644665 (webtiles) character file.

11 Gorice the Grave Robber (level 2, -2/17 HPs)
             Began as a Deep Elf Wanderer on Feb 21, 2016.
             Slain by a giant gecko (4 damage)
             ... on level 1 of the Dungeon.
             The game lasted 00:03:06 (516 turns).

Gorice the Grave Robber (Deep Elf Wanderer)          Turns: 516, Time: 00:03:06

Health: -2/17      AC:  2    Str: 10    XL:     2   Next: 13%
Magic:  5/5        EV: 12    Int: 16    God:
Gold:   44         SH:  0    Dex: 13    Spells: 1 memorised, 1 level left

rFire  . . .     SeeInvis .     b - +0 blowgun
rCold  . . .     Gourm    .     e - +0 robe
rNeg   . . .     Faith    .     (no shield)
rPois  .         Spirit   .     (no helmet)
rElec  .         Dismiss  .     (no cloak)
rCorr  .         Reflect  .     (no gloves)
SustAt .         Harm     .     (no boots)
MR     .....                    (no amulet)
Stlth  ++........               (no ring)
                                (no ring)

@: not resistant to hostile enchantments, unstealthy
A: no striking features
a: no special abilities


You were on level 1 of the Dungeon.
You were not hungry.

You visited 1 branch of the dungeon, and saw 1 of its levels.

You collected 44 gold pieces.

Inventory:

Hand Weapons
 a - a +0 falchion
 b - a +0 blowgun (weapon)
 h - a +2 dagger of venom
   (You found it on level 1 of the Dungeon)
Missiles
 c - 5 poisoned needles (quivered)
 Z - 44 stones
Armour
 e - a +0 robe (worn)
Scrolls
 i - a scroll of teleportation {unknown}
 j - 3 scrolls of identify {unknown}
 k - 2 scrolls of remove curse {unknown}
 l - a scroll of amnesia {unknown}
 m - a scroll of enchant weapon {unknown}
 n - a scroll of magic mapping {unknown}
 o - a scroll of random uselessness {unknown}
Books
 d - a book of Necromancy
Comestibles
 f - 2 bread rations {!e}
 g - a chunk of flesh


   Skills:
 + Level 1.8 Fighting
 * Level 0.6 Long Blades
   Level 1.3 Polearms
 - Level 1.0 Throwing
 + Level 1.6 Dodging
 - Level 1.2 Stealth
 + Level 0.6 Spellcasting
   Level 1.5 Charms
 - Level 2.4 Necromancy


You had one spell level left.
You knew the following spells:

 Your Spells              Type           Power        Failure   Level  Hunger
a - Animate Skeleton      Necr           N/A          10%         1    ##.....


Dungeon Overview and Level Annotations

Branches:
Dungeon (1/15)

Altars:


Message History

You closely miss the giant gecko. The giant gecko barely misses you.
The giant gecko barely misses you. The giant gecko bites you.
* * * LOW HITPOINT WARNING * * *
Damage: 4 (max 5) Unknown command.
You aren't carrying any potions.
b - a +0 blowgun (weapon)
Firing (i - inventory. (,) - cycle):
c - 11 poisoned needles (quivered)
Press: ? - help, Shift-Dir - straight line, f - giant gecko
Aim: a giant gecko (clinging)
You shoot a poisoned needle.
The poisoned needle closely misses the giant gecko.
The giant gecko closely misses you. x2
Firing (i - inventory. (,) - cycle):
c - 10 poisoned needles (quivered)
Press: ? - help, Shift-Dir - straight line, f/p - giant gecko
Aim: a giant gecko (clinging)
You shoot a poisoned needle.
The poisoned needle barely misses the giant gecko.
The giant gecko bites you but does no damage.
Firing (i - inventory. (,) - cycle):
c - 9 poisoned needles (quivered)
Press: ? - help, Shift-Dir - straight line, f/p - giant gecko
Aim: a giant gecko (clinging)
You shoot a poisoned needle.
The poisoned needle misses the giant gecko.
The giant gecko bites you.
* * * LOW HITPOINT WARNING * * *
Damage: 1 (max 5) Unknown command.
Firing (i - inventory. (,) - cycle):
c - 8 poisoned needles (quivered)
Press: ? - help, Shift-Dir - straight line, f/p - giant gecko
Aim: a giant gecko (clinging)
You shoot a poisoned needle.
The poisoned needle misses the giant gecko.
The giant gecko closely misses you.
Firing (i - inventory. (,) - cycle):
c - 7 poisoned needles (quivered)
Press: ? - help, Shift-Dir - straight line, f/p - giant gecko
Aim: a giant gecko (clinging)
You shoot a poisoned needle.
The poisoned needle closely misses the giant gecko.
The giant gecko closely misses you.
Firing (i - inventory. (,) - cycle):
c - 6 poisoned needles (quivered)
Press: ? - help, Shift-Dir - straight line, f/p - giant gecko
Aim: a giant gecko (clinging)
You shoot a poisoned needle.
The poisoned needle hits the giant gecko!
The giant gecko is poisoned.
The giant gecko bites you.
* * * LOW HITPOINT WARNING * * *
The giant gecko bites you.
You die...

.........>.......#
##...###########.#
##.## #.# #.# #.#
#.# #.# #.# #(#
#.# #(# #.# #l#
#.# ########@#
#.#####........#
#..........#####
#..####.##.# #..#
#.##.#
#..####.##.#
#.......##.#
##.###..##.# #.#
#..##.#


You could see a giant gecko.

Vanquished Creatures
  4 bats (D:1)
  A giant cockroach (D:1)
  2 goblins (D:1)
  2 rats (D:1)
9 creatures vanquished.

Notes
Turn   | Place    | Note
--------------------------------------------------------------
     0 | D:1      | Gorice the Deep Elf Wanderer began the quest for the Orb.
     0 | D:1      | Gorice set off with: a book of Necromancy, a +0 falchion, 11 poisoned needles, a +0 blowgun, a +0 robe, a bread ration {!e}
     0 | D:1      | Reached XP level 1. HP: 12/12 MP: 3/3
   241 | D:1      | Reached XP level 2. HP: 15/17 MP: 4/4
   244 | D:1      | Learned a level 1 spell: Animate Skeleton
   506 | D:1      | HP: 4/17 [giant gecko (4)]
   513 | D:1      | HP: 3/17 [giant gecko (1)]
   516 | D:1      | Slain by a giant gecko

Vault maps used:
D:1:      ncdulo_smallfort

Action                   || total
-------------------------++-------
Melee: Falchion          ||    31
 Fire: Blowgun           ||     6

Table legend:
 A = Turns spent in this place as a percentage of turns spent in the entire game.
 B = Non-inter-level travel turns spent in this place as a percentage of non-inter-level travel turns spent in the entire game.
 C = Inter-level travel turns spent in this place as a percentage of turns spent in this place.
 D = Turns resting spent in this place as a percentage of non-inter-level travel turns spent in this place.
 E = Turns spent auto-exploring this place as a percentage of non-inter-level travel turns spent in this place.
 F = Non-inter-level travel turns spent in this place divided by the number of levels of this place that you've seen.
                   A       B       C       D       E      F
               +-------+-------+-------+-------+-------+----------------------
         Total | 100.0 | 100.0 |   0.0 |   0.0 |   5.2 | 210.0
       Dungeon | 100.0 | 100.0 |   0.0 |   0.0 |   5.2 | 210.0
               +-------+-------+-------+-------+-------+----------------------

Vault maps used:
D:1:      ncdulo_smallfort
